 Dungeon Crawl Stone Soup version 0.18.1-50-g88ac8fd (webtiles) character file.

604 Gargoyl the Skirmisher (level 7, -4/55 HPs)
             Began as a Demonspawn Abyssal Knight on Sept 14, 2016.
             Was a Priest of Lugonu.
             Slain by Crazy Yiuf
             ... wielding a +4 quarterstaff of chaos
              (8 damage)
             ... on level 4 of the Dungeon on Sept 15, 2016.
             The game lasted 00:08:13 (5786 turns).

Gargoyl the Skirmisher (Demonspawn Abyssal Knight)  Turns: 5786, Time: 00:08:13

Health: -4/55      AC: 12    Str: 14    XL:     7   Next: 18%
Magic:  8/8        EV:  6    Int: 14    God:    Lugonu [***...]
Gold:   238        SH:  4    Dex: 12    Spells: 0 memorised, 6 levels left

rFire  . . .     SeeInvis .     a - +1 hand axe
rCold  + . .     Gourm    .     d - +0 chain mail
rNeg   . . .     Faith    .     j - +0 buckler
rPois  .         Spirit   .     (no helmet)
rElec  .         Dismiss  .     (no cloak)
rCorr  .         Reflect  .     (no gloves)
SustAt .         Harm     .     i - +0 pair of boots
MR     .....                    (no amulet)
Stlth  ..........               (no ring)
                                (no ring)

@: flying, not resistant to hostile enchantments, extremely unstealthy
A: hooves 2, slimy green scales 1, cold resistance 1, demonic guardian 1
a: Depart the Abyss, Bend Space, Banish, Renounce Religion


You were on level 4 of the Dungeon.
You worshipped Lugonu.
Lugonu was most pleased with you.
You were not hungry.

You visited 1 branch of the dungeon, and saw 4 of its levels.
You visited the Abyss 1 time.

You collected 238 gold pieces.

Inventory:

Hand Weapons
 a - a +1 hand axe (weapon)
Armour
 d - a +0 chain mail (worn)
 i - a +0 pair of boots (worn)
 j - a +0 buckler (worn)
Scrolls
 b - 11 scrolls of remove curse {unknown}
 e - 2 scrolls of enchant weapon {unknown}
 f - a scroll of magic mapping {unknown}
 g - 2 scrolls of random uselessness {unknown}
 h - a scroll of fear {unknown}
 k - 2 scrolls of immolation {unknown}
 l - 3 scrolls of identify {unknown}
 r - a scroll of noise {unknown}
 s - a scroll of fog {unknown}
Potions
 n - a potion of cure mutation {unknown}
 q - a potion of flight
 u - a potion of curing {unknown}
Comestibles
 c - 2 bread rations
 o - a meat ration
 p - 2 beef jerkies


   Skills:
 + Level 4.8 Fighting
 + Level 3.4 Axes
 * Level 4.7 Armour
 + Level 2.1 Dodging
 + Level 1.3 Shields
 + Level 2.5 Invocations


You had 6 spell levels left.
You didn't know any spells.

Dungeon Overview and Level Annotations

Branches:
Dungeon (4/15)
 Temple: D:4-7

Altars:
Ashenzari
Fedhas
Qazlal
Xom
The Shining One

Annotations:
D:4 Crazy Yiuf


Innate Abilities, Weirdness & Mutations

You have hoof-like feet.
You are partially covered in slimy green scales (AC +2).
Your flesh is cold resistant.
A weak demonic guardian rushes to your aid.


Message History

Crazy Yiuf barely misses you.
You hit Crazy Yiuf.
Crazy Yiuf is severely wounded.
You block Crazy Yiuf's attack.
You hit Crazy Yiuf but do no damage.
Crazy Yiuf is severely wounded.
Crazy Yiuf says, "Rot canine spinner!"
Crazy Yiuf hits you with a quarterstaff of chaos!
You hit Crazy Yiuf.
Crazy Yiuf is almost dead.
Crazy Yiuf hits you with a quarterstaff of chaos!
* * * LOW HITPOINT WARNING * * *
Crazy Yiuf burns you.
* * * LOW HITPOINT WARNING * * *
Drink which item? (? for menu, Esc to quit)
It was a potion of flight.
You feel very buoyant.
You fly up into the air.
Crazy Yiuf hits you with a quarterstaff of chaos!
You die...

#.#># #..# #.#.#
##.## #...# #..#
##### ##.## #..#
##.# ### ♣♣###.#
#)..#♣♣ ♣♣.#...#
#...g@♣♣♣♣......#
#...#♣..♣......##
### ♣♣♣.♣..#.##
♣♣♣♣♣###


You could see Crazy Yiuf.

Vanquished Creatures
  Blork the orc (D:4)
  A howler monkey (D:4)
  An orc priest (D:3)
  2 iguanas
  A worker ant (D:4)
  4 gnolls
  7 adders
  3 oozes (D:3)
  5 worms (D:2)
  2 dart slugs
  2 giant geckos
  12 orcs
  5 bats
  2 giant cockroaches (D:1)
  9 goblins
  7 hobgoblins
  5 jackals (D:3)
  10 kobolds
  A ball python (D:2)
  4 giant newts
  A jackal skeleton (D:4)
  10 rats
95 creatures vanquished.

Vanquished Creatures (collateral kills)
  Sigmund (D:4)
  A howler monkey (D:4)
  An orc priest (D:4)
  An orc wizard (D:3)
  A jackal (D:2)
5 creatures vanquished.

Grand Total: 100 creatures vanquished

Notes
Turn   | Place    | Note
--------------------------------------------------------------
     0 | Abyss:1  | Gargoyl the Demonspawn Abyssal Knight began the quest for the Orb.
     0 | Abyss:1  | Reached XP level 1. HP: 18/18 MP: 2/2
   129 | Abyss:1  | Noticed a flying skull
   132 | Abyss:1  | Noticed a spatial vortex
   133 | Abyss:1  | Noticed a thrashing horror
   133 | Abyss:1  | Noticed a spatial maelstrom
   134 | Abyss:1  | Noticed a spatial vortex
   134 | Abyss:1  | Noticed a spatial vortex
   135 | Abyss:1  | Noticed a spatial vortex
   135 | Abyss:1  | Noticed a spatial vortex
   136 | Abyss:1  | Noticed a spatial vortex
   136 | Abyss:1  | Noticed a spatial vortex
   136 | D:1      | Escaped the Abyss
   244 | D:1      | Gained mutation: You have large cloven feet. [demonic ancestry]
   244 | D:1      | Reached XP level 2. HP: 19/24 MP: 3/3
   965 | D:1      | Reached skill level 1 in Dodging
  1386 | D:2      | Reached * piety under Lugonu
  1388 | D:2      | Gained mutation: A weak demonic guardian rushes to your aid. [demonic ancestry]
  1388 | D:2      | Reached XP level 3. HP: 29/29 MP: 4/4
  2662 | D:2      | Gained mutation: You are partially covered in slimy green scales (AC +2). [demonic ancestry]
  2662 | D:2      | Reached XP level 4. HP: 20/36 MP: 5/5
  3142 | D:3      | Found a stormy altar of Qazlal.
  3216 | D:3      | Reached ** piety under Lugonu
  3374 | D:3      | Gained mutation: Your flesh is cold resistant. [demonic ancestry]
  3374 | D:3      | Reached XP level 5. HP: 40/42 MP: 6/6
  3547 | D:3      | Found a blossoming altar of Fedhas.
  3622 | D:3      | Found a shattered altar of Ashenzari.
  4971 | D:4      | Found a shimmering altar of Xom.
  4985 | D:4      | Gained mutation: You have hoof-like feet. [demonic ancestry]
  4985 | D:4      | Reached XP level 6. HP: 49/49 MP: 7/7
  4999 | D:4      | Noticed Blork the orc
  5016 | D:4      | Killed Blork the orc
  5016 | D:4      | Reached skill level 1 in Shields
  5152 | D:4      | Noticed Sigmund
  5159 | D:4      | Killed Sigmund
  5159 | D:4      | Reached *** piety under Lugonu
  5159 | D:4      | Reached XP level 7. HP: 28/55 MP: 8/8
  5475 | D:4      | Found a glowing golden altar of the Shining One.
  5772 | D:4      | Noticed Crazy Yiuf
  5786 | D:4      | Slain by Crazy Yiuf

Skill      XL: |  1  2  3  4  5  6 |
---------------+-------------------+-----
Armour         | 2 3 4 |  4.7
Axes           | 2 3 |  3.4
Dodging        | 1 2 |  2.1
Fighting       | 4 |  4.8
Shields        | 1 |  1.3
Invocations    | |  2.5

Action                   |  1- 3 |  4- 6 |  7- 9 || total
-------------------------+-------+-------+-------++-------
Melee: Hand axe          |   174 |   235 |    34 ||   443
       Kick              |     9 |       |       ||     9
Invok: Depart the Abyss  |     1 |       |       ||     1
  Use: Potion            |     2 |     1 |     2 ||     5
  Eat: Chunk             |     6 |     9 |     3 ||    18
Armor: Chain mail        |   128 |   185 |    18 ||   331
       Skin              |     1 |       |       ||     1
Dodge: Dodged            |    48 |    86 |    11 ||   145
Block: Buckler           |     4 |    42 |     7 ||    53
